 Dungeon Crawl Stone Soup version 0.26.0-10-g1f06aea511 (webtiles) character file.

Game seed: 18276221468905686324

2996 HoaS the Grappler (level 9, -2/72 HPs)
             Began as a Ghoul Gladiator on Jan 23, 2021.
             Was a Follower of Makhleb.
             Slain by a two-headed ogre
             ... wielding a +0 giant club
              (21 damage)
             ... on level 8 of the Dungeon.
             The game lasted 00:09:46 (5583 turns).

HoaS the Grappler (Ghoul Gladiator)                 Turns: 5583, Time: 00:09:47

Health: -2/72      AC: 13    Str: 19    XL:     9   Next: 83%
Magic:  8/8        EV: 10    Int:  3    God:    Makhleb [*.....]
Gold:   601        SH:  0    Dex: 18    Spells: 8/8 levels left

rFire    . . .     SeeInvis +     - Unarmed
rCold    + . .     Faith    .   (no shield)
rNeg     + + +     Spirit   .   e - +0 chain mail (curse)
rPois    ∞         Reflect  .   b - +2 helmet
rElec    .         Harm     .   (no cloak)
rCorr    .         Rampage  .   (no gloves)
Will     .....                  x - +0 pair of boots
Stlth    ..........             (no amulet)
HPRegen  0.00/turn              r - ring of see invisible
MPRegen  0.11/turn              o - +6 ring of dexterity

@: no status effects
A: claws 1, cold resistance 1, negative energy resistance 3, inhibited
regeneration, torment resistance, unbreathing
a: Renounce Religion


You were on level 8 of the Dungeon.
You worshipped Makhleb.
Makhleb was aware of your devotion.
You visited 2 branches of the dungeon, and saw 9 of its levels.

You collected 601 gold pieces.

Inventory:

Missiles
 d - 4 boomerangs
 g - 33 poisoned darts
 j - 3 curare-tipped darts
 u - 4 atropa-tipped darts
 v - 3 silver boomerangs
Armour
 b - a +2 helmet (worn)
 e - a cursed +0 chain mail (worn)
 x - a +0 pair of boots (worn)
Jewellery
 l - an uncursed ring of flight
 o - a +6 ring of dexterity (right claw)
 r - a ring of see invisible (left claw)
Wands
 k - a wand of acid (2) (quivered)
 y - a wand of polymorph (6)
 C - a wand of enslavement (9)
Scrolls
 h - 2 scrolls of magic mapping
 i - a scroll of fear
 m - a scroll of enchant armour
 p - 2 scrolls of remove curse
 s - 2 scrolls of teleportation
 t - a scroll of fog
 w - a scroll of identify
Potions
 a - 11 potions of curing
 f - 2 potions of resistance
 n - a potion of invisibility {unknown}
 q - 4 potions of attraction
 z - a potion of mutation {unknown}
 A - 2 potions of heal wounds {unknown}
 B - a potion of haste {unknown}


   Skills:
 + Level 4.7 Fighting
 - Level 1.7 Throwing
 + Level 3.3 Armour
 + Level 4.4 Dodging
 + Level 12.5 Unarmed Combat


You had 8 spell levels left.
You didn't know any spells.
Your spell library was empty.

Dungeon Overview and Level Annotations

Branches:
Dungeon (8/15)             Temple (1/1) D:6
   Lair: D:8-11

Altars:
Ashenzari
Cheibriados
Dithmenos
Elyvilon
Hepliaklqana
Kikubaaqudgha
Makhleb
Okawaru
Ru
Sif Muna
Trog
Uskayaw
Vehumet
Wu Jian
Xom
Zin
The Shining One

Annotations:
D:7 3 runed translucent doors, Hyawatha's ghost, novice PaWz


Innate Abilities, Weirdness & Mutations

You thrive by killing the living.
You are immune to poison.
You have sharp fingernails.
Your flesh is cold resistant. (rC+)
You are immune to negative energy. (rN+++)
You do not regenerate when monsters are visible.
You are immune to unholy pain and torment.
You can survive without breathing.


Message History

The acid corrodes the two-headed ogre!
The two-headed ogre is heavily wounded.
The two-headed ogre misses you. The two-headed ogre closely misses you.
You barely miss the two-headed ogre.
The two-headed ogre is heavily wounded.
You claw the two-headed ogre!
The two-headed ogre is heavily wounded.
The two-headed ogre hits you with a +0 giant club!
The two-headed ogre misses you.
You scratch the two-headed ogre.
The two-headed ogre is heavily wounded.
You scratch the two-headed ogre.
The two-headed ogre is severely wounded.
The two-headed ogre hits you with a +0 giant club!
* * * LOW HITPOINT WARNING * * *
The two-headed ogre barely misses you.
You feel better.
The two-headed ogre hits you but does no damage.
The two-headed ogre hits you with a +0 giant club!!
You die...

#.....#
#.....#
#.....#
#.....#
###'### #.#
#.#
###..##.#
#.....#.#
#.....#@#
#.....#O#
#.....#.#
##.....#.#
#........#
#.....(..#
#.......>..
#.......####
#.......#


You could see a two-headed ogre (corroded).

Vanquished Creatures
  A two-headed ogre (D:8)
  Grinder (D:5)
  Sigmund (D:5)
  Eustachio (D:6)
  Menkaure (D:7)
  Duvessa (D:6)
  A sky beast (D:6)
  A phantom (D:7)
  3 ogres
  A black bear (D:7)
  2 centaurs
  Blork the orc (D:5)
  Dowan (D:6)
  5 wights (D:6)
  A howler monkey (D:4)
  A bullfrog zombie (D:5)
  A centaur zombie (D:8)
  An orc priest (D:7)
  A centaur skeleton (D:8)
  2 hounds (D:5)
  2 iguanas
  A gnoll shaman (D:6)
  5 worker ants
  2 worker ant zombies
  6 gnolls
  5 adders
  2 shadow imps
  An ufetubus (D:8)
  An ooze (D:3)
  An adder zombie (D:6)
  An adder skeleton (D:4)
  3 worms
  A dart slug (D:1)
  4 leopard geckos
  10 orcs
  9 bats
  4 giant cockroaches
  4 goblins
  4 hobgoblins
  8 jackals
  A quokka (D:2)
  7 frilled lizards
  A jackal skeleton (D:7)
  5 kobolds
  A leopard gecko zombie (D:5)
  5 rats
122 creatures vanquished.

Vanquished Creatures (others)
  2 fungi (D:7)
  2 plants (D:7)
4 creatures vanquished.

Grand Total: 126 creatures vanquished

Notes
Turn   | Place    | Note
-------+----------+-------------------------------------------
     0 | D:1      | HoaS the Ghoul Gladiator began the quest for the Orb.
     0 | D:1      | Reached XP level 1. HP: 17/17 MP: 0/0
   178 | D:1      | Reached XP level 2. HP: 24/24 MP: 1/1
   217 | D:1      | Reached skill level 4 in Unarmed Combat
   624 | D:1      | Reached XP level 3. HP: 29/29 MP: 2/2
   825 | D:2      | Found a snail-covered altar of Cheibriados.
   930 | D:2      | Found a shimmering blue altar of Sif Muna.
  1018 | D:2      | Found an ornate altar of the Wu Jian Council.
  1076 | D:2      | Found an iron altar of Okawaru.
  1133 | D:2      | Reached skill level 5 in Unarmed Combat
  1185 | D:2      | Found a broken altar of Ashenzari.
  1417 | D:3      | Reached XP level 4. HP: 30/36 MP: 3/3
  1725 | D:3      | Reached skill level 6 in Unarmed Combat
  1725 | D:3      | Reached XP level 5. HP: 37/41 MP: 4/4
  2199 | D:4      | Noticed an ogre
  2209 | D:4      | Killed an ogre
  2210 | D:4      | Reached skill level 7 in Unarmed Combat
  2210 | D:4      | Reached XP level 6. HP: 39/48 MP: 5/5
  2380 | D:4      | Reached skill level 8 in Unarmed Combat
  2482 | D:4      | Found a glowing golden altar of the Shining One.
  2640 | D:4      | Found a glowing silver altar of Zin.
  2844 | D:5      | Entered Level 5 of the Dungeon
  2865 | D:5      | Noticed Sigmund
  2917 | D:5      | Killed Sigmund
  2918 | D:5      | Reached skill level 9 in Unarmed Combat
  2918 | D:5      | Reached XP level 7. HP: 38/55 MP: 6/6
  3101 | D:5      | Noticed Grinder
  3108 | D:5      | Paralysed by Grinder for 4 turns
  3115 | D:5      | Killed Grinder
  3116 | D:5      | Reached skill level 10 in Unarmed Combat
  3116 | D:5      | Reached XP level 8. HP: 52/61 MP: 7/7
  3237 | D:5      | Noticed Blork the orc
  3242 | D:5      | Killed Blork the orc
  3492 | D:6      | Found a bloodstained altar of Trog.
  3537 | D:6      | Reached skill level 11 in Unarmed Combat
  3642 | D:6      | Found a staircase to the Ecumenical Temple.
  3644 | D:6      | Noticed Duvessa
  3644 | D:6      | Noticed Dowan
  3660 | D:6      | Killed Duvessa
  3671 | D:6      | Killed Dowan
  3689 | Temple   | Entered the Ecumenical Temple
  4018 | Temple   | Became a worshipper of Makhleb the Destroyer
  4461 | D:6      | Reached skill level 12 in Unarmed Combat
  4473 | D:6      | Reached XP level 9. HP: 68/68 MP: 8/8
  4476 | D:6      | Reached skill level 1 in Armour
  4526 | D:6      | Noticed Eustachio
  4532 | D:6      | Killed Eustachio
  4963 | D:7      | Found a runed translucent gate.
  4963 | D:7      | Found a runed translucent gate.
  4963 | D:7      | Found a runed translucent gate.
  4966 | D:7      | Noticed Hyawatha's ghost (novice PaWz)
  5023 | D:7      | Found an iron altar of Okawaru.
  5029 | D:7      | Noticed Menkaure
  5039 | D:7      | Killed Menkaure
  5058 | D:7      | Reached * piety under Makhleb
  5285 | D:7      | Found a shadowy altar of Dithmenos.
  5533 | D:8      | Noticed a two-headed ogre
  5549 | D:8      | Killed a two-headed ogre
  5571 | D:8      | Noticed a two-headed ogre
  5583 | D:8      | Slain by a two-headed ogre

Illustrated notes

Levels and vault maps discovered:
D:1:      ncdulo_halloftheorcs, layout_loops_ring
D:2:      layout_loops_ring, lemuel_doored_altar, old_standard_altar,
          nicolae_overflow_hidden_temple, nzn_wu_jian_contemplation,
          okawaru_metal_pillars_3
D:3:      layout_loops_ring
D:4:      minmay_general_purpose_star, layout_rooms, general_overflow_altar,
          zin_treasury, chequers_serial_rivers_micro_b
D:5:      layout_basic, uniq_blork_the_orc, uniq_grinder, uniq_sigmund
D:6:      layout_basic, kennysheep_little_box,
          minmay_temple_entry_gardened_gates, dk_noncrumbling_3,
          kennysheep_generic_room_6, uniq_eustachio, uniq_duvessa
D:7:      layout_rooms, lemuel_round_altar, gammafunk_ghost_nasty_kobolds,
          minivault_11, minmay_misc_feat_rows, grunt_dithmenos_shadows,
          uniq_menkaure
D:8:      layout_basic, dpeg_oklobed_lair
Temple:   compressed_dpeg_triangle_lava_temple

Skill      XL: |  1  2  3  4  5  6  7  8  9 |
---------------+----------------------------+-----
Unarmed Combat | 4 5 6 7 9 10 12 | 12.5
Armour         | 3 |  3.3
Dodging        | 4 |  4.4
Fighting       | 4 |  4.7
Throwing       | |  1.7

Action                   |  1- 3 |  4- 6 |  7- 9 || total
-------------------------+-------+-------+-------++-------
Melee: Unarmed           |   103 |   134 |   184 ||   421
       Punch             |     2 |     3 |    12 ||    17
Throw: Throwing net      |       |     3 |     3 ||     6
       Dart              |       |     1 |     2 ||     3
Evoke: Wand              |       |       |     3 ||     3
  Use: Scroll            |     7 |     5 |     6 ||    18
       Potion            |       |       |     1 ||     1
 Stab: Held in net/web   |       |     1 |     2 ||     3
Armor: Leather armour    |    10 |       |       ||    10
       Ring mail         |    44 |     6 |       ||    50
       Chain mail        |       |    50 |    76 ||   126
Dodge: Dodged            |    67 |    48 |    43 ||   158
